 Dungeon Crawl Stone Soup version 0.31.0-9-g3a7656b989 (webtiles) character file.

Game seed: 8159862701659150998

1330 Vraska the Covert (level 8, 0/58 HPs)
             Began as a Vampire Enchanter on Jan 24, 2024.
             Slain by a wight
             ... wielding a +2 battleaxe of freezing
              (1 damage)
             ... on level 6 of the Dungeon.
             The game lasted 00:08:29 (5322 turns).

Vraska the Covert (Vampire Enchanter)               Turns: 5322, Time: 00:08:31

Health: 0/58       AC:  3    Str:  7    XL:     8   Next: 34%
Magic:  9/14       EV: 15    Int: 17    God:
Gold:   207        SH:  0    Dex: 23    Spells: 10/15 levels left

rFire   . . .        l - +1 rapier
rCold   + . .        (no shield)
rNeg    . . .        b - +1 robe
rPois   .            (no helmet)
rElec   .            (no cloak)
rCorr   .            (no gloves)
SInv    +            (no boots)
Will    .....        (no amulet)
Stlth   ++++         D - +6 ring of dexterity
HPRegen 0.49/turn    C - ring of protection from cold
MPRegen 0.14/turn

%: no passive effects
@: confusing by touch, healing quickly
A: alive, fangs 3, see invisible, vampiric 2
a: Exsanguinate


You were on level 6 of the Dungeon.
You visited 2 branches of the dungeon, and saw 7 of its levels.

You collected 361 gold pieces.
You spent 154 gold pieces at shops.

Inventory:

Hand Weapons
 a - a +1 dagger
 l - a +1 rapier (weapon)
Armour
 b - a +1 robe (worn)
Jewellery
 C - a ring of protection from cold (right hand)
 D - a +6 ring of dexterity (left hand)
Wands
 h - a wand of mindburst (9)
 t - a wand of flame (10)
Scrolls
 d - 4 scrolls of identify
 e - a scroll of silence
 f - a scroll of revelation
 g - 2 scrolls of enchant weapon
 i - a scroll of enchant armour
 j - 2 scrolls of blinking
 k - a scroll of teleportation
 n - a scroll of vulnerability
 o - a scroll of fog
 q - a scroll of amnesia
 u - a scroll of fear
Potions
 c - a potion of invisibility
 m - 4 potions of enlightenment
 p - a potion of mutation {unknown}
 r - a potion of brilliance {unknown}
 s - a potion of degeneration {unknown}
 v - a potion of attraction {unknown}
 x - a potion of berserk rage {unknown}


   Skills:
 - Level 3.0 Fighting
 - Level 5.0 Short Blades
 + Level 4.8 Dodging
 - Level 8.0 Stealth
 - Level 4.0 Spellcasting
 - Level 8.0 Hexes


You had 10 spell levels left.
You knew the following spells:

 Your Spells              Type           Power      Damage    Failure   Level
c - Confusing Touch       Hex            30%        N/A       1%          3
e - Ensorcelled Hibernat  Hex/Ice        34%        N/A       4%          2

Your spell library contained the following spells:

 Spells                   Type           Power      Damage    Failure   Level
 Tukima's Dance           Hex            30%        N/A       1%          3
 Dazzling Flash           Conj/Hex       34%        N/A       9%          3
 Mercury Vapours          Alch/Air       6%         N/A       24%         2
 Mephitic Cloud           Conj/Alch/Air  3%         N/A       43%         3
 Freezing Cloud           Conj/Ice/Air   1%         6-21      99%         5


Dungeon Overview and Level Annotations

Branches:
Dungeon (6/15) Zot: 26099  Temple (1/1) D:5 Zot: 5816

Altars:
Ashenzari
Cheibriados
Fedhas
Gozag
Hepliaklqana
Kikubaaqudgha
Nemelex Xobeh
Qazlal
Ru
Sif Muna
Trog
Uskayaw
Wu Jian
Yredelemnul

Shops:
D:3 (   D:4 *   D:5 :*


Innate Abilities, Weirdness & Mutations

Your natural rate of healing is accelerated.
You have razor-sharp teeth.
You have supernaturally acute eyesight. (SInv)
You are afflicted with vampirism and can become a bat while bloodless.


Message History

You hit the wight.
The wight is moderately damaged.
You hit the wight.
The wight is severely damaged.
The wight misses you.
You strike the helpless wight from behind!
You impale the wight!!
You destroy the wight!
The wight hits you with a +2 battleaxe of freezing!
The wight freezes you.
You take 11 damage, and have 29/58 hp.
Casting: Confusing Touch (safe; 1% risk of failure)
Confirm with . or Enter, or press ? or * to list all spells.
Your hands begin to glow red.
The wight hits you with a +2 battleaxe of freezing!
* * * LOW HITPOINT WARNING * * *
You take 15 damage, and have 14/58 hp.
Unknown command.
Aiming: Mindburst
Press: ? - help, Q - select action, (/) - cycle Shift-Dir - straight line, f - wight
Aim: a wight, wielding a +2 battleaxe of freezing and wearing a +0 robe (chance to confuse on hit: 60%, chance to affect: 64%)
The wight struggles to resist.
The wight misses you.
Aiming: Mindburst
Press: ? - help, Q - select action, (/) - cycle Shift-Dir - straight line, f/p - wight
Aim: a wight, wielding a +2 battleaxe of freezing and wearing a +0 robe (chance to confuse on hit: 60%, chance to affect: 64%)
The wight's mind is blasted!
The wight hits you with a +2 battleaxe of freezing.
* * * LOW HITPOINT WARNING * * *
The wight freezes you.
* * * LOW HITPOINT WARNING * * *
You take 6 damage, and have 8/58 hp.
Aiming: Mindburst
Press: ? - help, Q - select action, (/) - cycle Shift-Dir - straight line, f/p - wight
Aim: a wight, wielding a +2 battleaxe of freezing and wearing a +0 robe (severely damaged, chance to confuse on hit: 60%, chance to affect: 64%)
The wight struggles to resist.
The wight hits you with a +2 battleaxe of freezing!
* * * LOW HITPOINT WARNING * * *
The wight freezes you.
You die...

#....#......................#.
#....#............#........##.
#.......#####.....#....(...##.
#.......# ###.....#........##.
###.)...# #.......#........##.
#.......# #.......#........##<
####.......# #................#..
#..........###................#..
..#........#....@.....###.....#..
.##.##.....#....)z....# #.....#..
.#8.8#.....#.........####.....#..
...........#.....................
##8.8#........................#..
##.##.#...#..................#..
#....#...#.....................
######...#.........[...........
#...###........###........


You could see a wight.

Vanquished Creatures
  An ice beast (D:5)
  A black bear (D:6)
  An ogre (D:6)
  A phantom (D:6)
  Blork the orc (D:6)
  A bullfrog (D:6)
  A scorpion (D:6)
  3 wights (D:6)
  2 howler monkeys
  2 bombardier beetles
  A hound (D:5)
  2 orc priests
  3 jellies (D:5)
  2 iguanas
  2 sleepcaps
  3 orc wizards
  7 adders
  2 ufetubi (D:6)
  2 ribbon worms
  2 dart slugs
  17 orcs
  4 bats
  4 endoplasms
  6 goblins
  A hobgoblin (D:4)
  4 jackals
  8 quokkas
  7 ball pythons
  4 frilled lizards
  6 kobolds
  5 rats
106 creatures vanquished.

Notes
Turn   | Place    | Note
-------+----------+-------------------------------------------
     0 | D:1      | Vraska the Vampire Enchanter began the quest for the Orb.
     0 | D:1      | Reached XP level 1. HP: 13/13 MP: 3/3
    77 | D:1      | Reached XP level 2. HP: 17/19 MP: 5/5
    80 | D:1      | Learned a level 2 spell: Ensorcelled Hibernation
   123 | D:1      | Reached skill level 5 in Stealth
   986 | D:2      | Found a faded altar of an unknown god.
  1207 | D:2      | Gained mutation: You are afflicted with vampirism and can
                  | become a bat while bloodless. [Vampire growth]
  1207 | D:2      | Reached XP level 3. HP: 23/24 MP: 3/6
  1616 | D:2      | Learned a level 3 spell: Confusing Touch
  1657 | D:3      | Reached XP level 4. HP: 28/30 MP: 2/7
  1984 | D:3      | Found Qoqonk's Weapon Boutique.
  2626 | D:4      | Reached XP level 5. HP: 27/35 MP: 3/8
  2777 | D:4      | Found Sunefaed's Assorted Antiques.
  2961 | D:4      | Identified the +6 sling "Ycarin" {freeze, Int+2 Dex+2}
  3145 | D:5      | Entered Level 5 of the Dungeon
  3285 | D:5      | Found Ygihun's Assorted Antiques.
  3289 | D:5      | Bought a scroll labelled MUSKUY MACW for 28 gold pieces
  3289 | D:5      | Bought a scroll labelled ROXUATT IKLUW for 28 gold pieces
  3289 | D:5      | Bought a scroll labelled ROXUATT IKLUW for 28 gold pieces
  3296 | D:5      | Reached XP level 6. HP: 41/41 MP: 9/9
  3310 | D:5      | Found Borphu's Book Shoppe.
  3312 | D:5      | Reached skill level 5 in Short Blades
  3338 | D:5      | Found a staircase to the Ecumenical Temple.
  3422 | D:4      | Reached skill level 5 in Hexes
  3522 | D:5      | Noticed an ice beast
  3539 | D:5      | Found an ornate altar of the Wu Jian Council.
  3542 | D:5      | Killed an ice beast
  3543 | D:5      | Reached XP level 7. HP: 8/46 MP: 11/11
  3554 | Temple   | Entered the Ecumenical Temple
  4328 | D:4      | Bought a scroll labelled DATHUBAKLY for 18 gold pieces
  4328 | D:4      | Bought a scroll labelled KELULAL NUMA for 18 gold pieces
  4328 | D:4      | Bought a scroll labelled KIQIFUNG WAMOE for 18 gold pieces
  4328 | D:4      | Bought a fuming red potion for 16 gold pieces
  4644 | D:6      | Reached skill level 1 in Fighting
  4948 | D:6      | Reached XP level 8. HP: 19/52 MP: 10/14
  5216 | D:6      | Noticed Blork the orc
  5220 | D:6      | Killed Blork the orc
  5322 | D:6      | HP: 1/58 [wight/+2 battleaxe of freezing (7)]
  5322 | D:6      | Slain by a wight

Illustrated notes

Levels and vault maps discovered:
D:1:      minmay_arrival_radiant_lines, layout_loops_ring
D:2:      layout_loops_cross, hellmonk_ecumenical_altar_crossroads
D:3:      layout_loops_ring, serial_shops, nicolae_shop_bloodbath_and_beyond,
          uniq_sigmund
D:4:      layout_basic, nicolae_take_the_stairs, minmay_misc_feat_roman,
          hangedman_decor_diamond_cutter
D:5:      layout_cave_pools, amcnicky_altar_gilded,
          minmay_temple_entry_statues_fountains, serial_shops,
          nicolae_shop_hallway_stairs, nicolae_book_shop_shelving,
          chequers_garden, amcnicky_mini_corridor_feature
D:6:      layout_basic, small_statue_intersection, kennysheep_generic_room_14,
          uniq_blork_the_orc
Temple:   regret_index_temple_generic_petals

Skill      XL: |  1  2  3  4  5  6  7  8 |
---------------+-------------------------+-----
Stealth        | 5 6 7 8 |  8.0
Short Blades   | 2 3 4 5 |  5.0
Hexes          | 6 8 |  8.0
Spellcasting   | 3 4 |  4.0
Fighting       | 1 3 |  3.0
Dodging        | 3 4 |  4.8

Action                     |  1- 3 |  4- 6 |  7- 9 || total
---------------------------+-------+-------+-------++-------
  Melee: Dagger            |    78 |     9 |       ||    87
         Bite              |     5 |     9 |     6 ||    20
         Rapier            |       |    69 |    74 ||   143
         Punch             |       |     1 |     2 ||     3
   Cast: Ensorcelled Hiber |    14 |    30 |    17 ||    61
         Confusing Touch   |       |     1 |     9 ||    10
  Evoke: Wand              |       |     1 |     4 ||     5
    Use: Potion            |       |     1 |       ||     1
         Scroll            |       |       |    13 ||    13
   Stab: Sleeping          |    16 |    25 |    16 ||    57
         Confused          |       |     1 |     6 ||     7
         Invisible         |       |     1 |       ||     1
 Armour: Robe              |    34 |    43 |    38 ||   115
  Dodge: Dodged            |    40 |    65 |    50 ||   155
